 Dungeon Crawl Stone Soup version 0.14-a0-3345-g9255d23 (webtiles) character file.

4958 Herrn the Skirmisher (level 10, -20/84 HPs)
             Began as a Centaur Fighter on Mar 16, 2014.
             Demolished by a hill giant
             ... wielding a +0,+0 giant club
              (32 damage)
             ... on Level 10 of the Dungeon on Mar 17, 2014.
             The game lasted 00:43:35 (10439 turns).

Herrn the Skirmisher (Centaur Fighter)             Turns: 10439, Time: 00:43:35

HP -20/84        AC 12     Str 18      XL: 10   Next: 26%
MP  18/18        EV 10     Int  7      God:
Gold 83          SH 19     Dex 11      Spells:  0 memorised, 17 levels left

rFire  . . .     SeeInvis .     p - +0 flail (protect)
rCold  . . .     Clarity  .     r - +1 leather armour {rPois}
rNeg   . . .     Conserve .     c - +0 shield
rPois  +         rCorr    .     (helmet restricted)
rElec  .         rRot     .     (no cloak)
SustAb . .       Spirit   .     h - +0 pair of gloves
rMut   .         Warding  .     (no barding)
Saprov . . .     Stasis   .     y - amulet of rage
MR     .....                    (no ring)
                                (no ring)

@: very quick, not resistant to hostile enchantments, very unstealthy
A: antennae 1, hooves 3, deformed body, herbivore 1, speed 2, fast metabolism 1,
tough skin 3, weak 1
a: Evoke Berserk Rage


You were on level 10 of the Dungeon.
You were hungry.

You visited 2 branches of the dungeon, and saw 11 of its levels.

You collected 603 gold pieces.
You spent 520 gold pieces at shops.

Inventory:

Hand weapons
 a - a +0,+0 flail
 g - a +0,+2 flail
 o - a +0,+1 flail
 p - a +0,+0 flail of protection (weapon)
Armour
 c - a +0 shield (worn)
 e - a +2 helmet
 h - a +0 pair of gloves (worn)
 r - a +1 leather armour of poison resistance (worn)
 K - a +0 plate armour
Magical devices
 k - a wand of flame (14)
 E - a wand of magic darts (1)
 H - a wand of cold (8)
 R - a wand of enslavement (8) {unknown}
Comestibles
 d - 10 bread rations
 u - 2 meat rations
 v - a choko
 C - 2 apples
 I - a cheese
 S - 3 rotting chunks of hobgoblin flesh
Scrolls
 b - 2 scrolls of enchant weapon II
 f - a scroll of immolation
 i - 5 scrolls of teleportation
 j - a scroll of blinking
 l - 3 scrolls of amnesia
 n - a scroll of recharging
 s - 2 scrolls of fog
 t - a scroll of fear
 x - a scroll of magic mapping
 B - a scroll of random uselessness
 G - a scroll of noise
 M - a scroll of remove curse
 Q - 3 scrolls of identify
Jewellery
 w - an uncursed amulet of conservation
 y - an amulet of rage (around neck)
 F - the amulet of Jucenyash {Ward rF+}
   (You acquired it on level 8 of the Dungeon)

   [amulet of warding]

   It protects you from fire.
Potions
 z - a potion of flight
 A - 4 potions of curing
 D - 2 potions of restore abilities
 N - a potion of might
 O - a potion of porridge
Books
 m - a book of Summonings

   Spells                             Type                      Level
   Abjuration                         Summoning                    3
   Recall                             Summoning/Translocation      3
   Summon Elemental                   Summoning                    4
   Shadow Creatures                   Summoning                    5
   Summon Demon                       Summoning                    5
   Monstrous Menagerie                Summoning                    6
 q - a book of Transfigurations

   Spells                             Type                      Level
   Stoneskin                          Transmutation/Earth          2
   Ice Form                           Ice/Transmutation            4
   Statue Form                        Transmutation/Earth          6
   Dragon Form                        Transmutation                7
 J - a book of Geomancy

   Spells                             Type                      Level
   Sandblast                          Earth                        1
   Stoneskin                          Transmutation/Earth          2
   Passwall                           Transmutation/Earth          3
   Stone Arrow                        Conjuration/Earth            3
   Petrify                            Transmutation/Earth          4
   Lee's Rapid Deconstruction         Earth                        5


   Skills:
 * Level 6.5 Fighting
 + Level 5.4 Maces & Flails
 + Level 3.6 Armour
 + Level 6.0 Dodging
 - Level 2.7 Stealth
 + Level 5.0 Shields
 * Level 4.1 Spellcasting
 - Level 1.0 Evocations


You had 17 spell levels left.
You didn't know any spells.

Dungeon Overview and Level Annotations

Branches:
Dungeon (10/15)            Temple (1/1) D:5            Lair (0/8) D:8
    Orc: D:9-12

Altars:
Ashenzari
Cheibriados
Dithmenos
Elyvilon
Fedhas
Kikubaaqudgha
Makhleb
Nemelex Xobeh
Okawaru
Sif Muna
Trog
Vehumet
Xom
Yredelemnul
Zin
The Shining One

Shops:
D:5 :   D:6 ?   D:8 ?


Innate Abilities, Weirdness & Mutations

You have hooves in place of feet.
Armour fits poorly on your strangely shaped body.
You digest meat inefficiently.
You cover ground very quickly.
You have a fast metabolism.
You have extremely tough skin (AC +3).
You have a pair of small antennae on your head.
You are weak. (Str -2)


Message History

You hit the hill giant.
The hill giant is heavily wounded.
You block the hill giant's attack.
You hit the hill giant.
The hill giant is heavily wounded.
The hill giant barely misses you.
You barely miss the hill giant. Your kick misses the hill giant.
The hill giant is heavily wounded.
A cyclops comes into view.
You sock the hill giant! You kick the hill giant.
The hill giant is severely wounded.
The hill giant barely misses you.
You hit the hill giant. You kick the hill giant.
The hill giant is severely wounded.
The hill giant hits you with a giant club!
* * * LOW HITPOINT WARNING * * *
You hit the hill giant but do no damage.
The hill giant is severely wounded.
The hill giant hits you with a giant club!
You die...

≈..#...<...#..
≈≈..##.....##...
≈≈...##...##....
≈≈≈...#'''#......
≈≈≈≈..............♣
≈≈≈≈≈.............
..................
..................
≈≈Y≈≈..%@..P.P.P.P
.≈≈≈≈;.PCP...P...
.Y≈≈≈≈.P.P.......
.≈≈≈;≈.P.P.P.....
.YC≈≈≈.P...P.....
≈≈≈≈≈.P.P.P....
g≈≈≈≈≈......P.P
≈≈≈≈≈≈..P.P.P.P
Y≈≈≈.%.....P!


You could see a hill giant, a cyclops, 2 big fish and 3 sheep.

Vanquished Creatures
  A gargoyle (D:8)
  Prince Ribbit (D:6)
  2 hippogriffs
  A spriggan (D:7)
  Eustachio (D:8)
  Grum (D:8)
  A necrophage (D:9)
  4 wolves (D:8)
  3 sky beasts
  A yellow wasp (D:8)
  A black bear (D:8)
  An orc warrior (D:8)
  4 ogres
  2 phantoms
  2 centaurs
  A big kobold (D:7)
  A giant frog (D:8)
  2 scorpions
  An eye of draining (D:6)
  10 hounds
  4 crimson imps
  2 giant frog skeletons (D:4)
  4 iguanas
  3 orc priests
  A quasit (D:9)
  2 jellies
  4 worker ants
  7 orc wizards
  A mottled dragon zombie (D:8)
  A sheep (D:10)
  A crocodile skeleton (D:6)
  An ogre skeleton (D:6)
  Terence (D:2)
  6 adders
  11 gnolls
  A gnoll zombie (D:5)
  2 giant mites
  3 shadow imps
  An inept feature mimic (D:2)
  5 worms
  An adder zombie (D:9)
  A giant eyeball (D:9)
  6 giant geckos
  An ooze (D:5)
  35 orcs
  A ball python (D:3)
  A giant cockroach (D:3)
  17 hobgoblins
  11 jackals
  19 bats
  5 giant newts
  A giant spore (D:6)
  8 goblins
  A hobgoblin skeleton (D:9)
  20 kobolds
  3 orc skeletons (D:6)
  5 quokkas
  A quokka zombie (D:8)
  15 rats
  A rat skeleton (D:4)
  A ballistomycete (D:6)
256 creatures vanquished.

Notes
Turn   | Place    | Note
--------------------------------------------------------------
     0 | D:1      | Herrn, the Centaur Fighter, began the quest for the Orb.
     0 | D:1      | Reached XP level 1. HP: 19/19 MP: 1/1
   155 | D:1      | Reached XP level 2. HP: 19/26 MP: 2/2
   693 | D:1      | Reached XP level 3. HP: 31/31 MP: 3/3
  1586 | D:2      | Noticed Terence
  1594 | D:2      | Killed Terence
  1831 | D:2      | Reached XP level 4. HP: 28/38 MP: 3/3
  1879 | D:2      | Reached skill level 1 in Dodging
  1969 | D:2      | Reached skill level 1 in Spellcasting
  2531 | D:3      | Reached XP level 5. HP: 10/45 MP: 6/6
  3354 | D:4      | Reached skill level 1 in Stealth
  3363 | D:4      | Noticed an ogre
  3372 | D:4      | Killed an ogre
  3372 | D:4      | Reached XP level 6. HP: 27/51 MP: 7/7
  4080 | D:4      | Reached XP level 7. HP: 58/58 MP: 8/8
  4369 | D:5      | Entered Level 5 of the Dungeon
  4472 | D:5      | Reached skill level 4 in Fighting
  4613 | D:5      | Found Blag's Book Shop.
  4683 | D:5      | Found a staircase to the Ecumenical Temple.
  4739 | Temple   | Entered the Ecumenical Temple
  5150 | D:6      | Found a bloodstained altar of Trog.
  5214 | D:6      | Reached XP level 8. HP: 63/66 MP: 11/11
  5520 | D:6      | Found a deep blue altar of Sif Muna.
  5664 | D:6      | Noticed Prince Ribbit
  5708 | D:6      | Killed Prince Ribbit
  5708 | D:6      | Reached skill level 1 in Evocations
  5759 | D:6      | Upgraded the game from 0.14-a0-3337-gf4615ed to 0.14-a0-3345-g9255d23
  6139 | D:6      | Found Xayxappy's Magic Scroll Shoppe.
  7018 | D:7      | Reached skill level 5 in Fighting
  7018 | D:7      | Reached XP level 9. HP: 37/74 MP: 16/16
  7428 | D:7      | Found a shimmering altar of Xom.
  7431 | D:7      | Found a radiant altar of Vehumet.
  7436 | D:7      | Found a sparkling altar of Nemelex Xobeh.
  7501 | D:7      | Found a sparkling altar of Nemelex Xobeh.
  7729 | D:8      | Noticed Grum
  7757 | D:8      | Reached skill level 5 in Dodging
  7765 | D:8      | Killed Grum
  8095 | D:8      | Noticed a gargoyle
  8109 | D:8      | Killed a gargoyle
  8109 | D:8      | Reached skill level 6 in Fighting
  8109 | D:8      | Reached skill level 5 in Maces & Flails
  8127 | D:8      | Gained mutation: You are weak. (Str -2) [mutagenic meat]
  8143 | D:8      | Gained mutation: You have a pair of small antennae on your head. [mutagenic meat]
  8412 | D:8      | Found a staircase to the Lair.
  8662 | D:8      | Reached XP level 10. HP: 29/83 MP: 18/18
  9197 | D:8      | Noticed Eustachio
  9213 | D:8      | Killed Eustachio
  9284 | D:8      | Found an ancient bone altar of Kikubaaqudgha.
  9450 | D:8      | Found Clolleil's Magic Scroll Shoppe.
  9700 | D:9      | Reached skill level 5 in Shields
  9866 | D:9      | Paralysed by a giant eyeball for 4 turns
 10273 | D:8      | Bought a scroll of acquirement for 520 gold pieces
 10275 | D:8      | Got an ancient iron amulet
 10278 | D:8      | Identified the amulet of Jucenyash {Ward rF+} (You acquired it on level 8 of the Dungeon)
 10390 | D:10     | Entered Level 10 of the Dungeon
 10415 | D:10     | Noticed a hill giant
 10437 | D:10     | Noticed a cyclops
 10439 | D:10     | Demolished by a hill giant

Action                   |  1- 3 |  4- 6 |  7- 9 | 10-12 || total
-------------------------+-------+-------+-------+-------++-------
Melee: Flail             |   119 |   205 |   480 |   146 ||   950
 Abil: Evoke Berserk Rag |       |       |     1 |       ||     1
Evoke: Wand              |       |     3 |     7 |     5 ||    15
  Use: Scroll            |       |     7 |     4 |     7 ||    18
       Potion            |       |     1 |     5 |       ||     6
